 Dungeon Sprint DCSS version 0.19-a0-860-g5c370dd (webtiles) character file.

9424 LORDOFBUTT the Bludgeoner (level 11, 0/117 HPs)
             Began as a Minotaur Berserker on July 3, 2016.
             Was the Champion of Trog.
             Killed from afar by an ogre mage (24 damage)
             ... with a bolt of cold
             ... in the Dungeon (Sprint IX: "|||||||||||||||||||||||||||||").
             The game lasted 00:03:48 (1532 turns).

LORDOFBUTT the Bludgeoner (Minotaur Berserker)      Turns: 1532, Time: 00:03:49

Health: 0/117      AC: 16    Str: 27    XL:     11   Next: 22%
Magic:  10/10      EV: 15    Int:  4    God:    Trog [******]
Gold:   1250       SH:  0    Dex: 14    Spells: 0 memorised, 10 levels left

rFire  . . .     SeeInvis .     j - +2 flail (drain)
rCold  . . .     Gourm    .     o - +1 chain mail
rNeg   . . .     Faith    .     (no shield)
rPois  .         Spirit   .     (helmet restricted)
rElec  .         Dismiss  .     p - +0 cloak
rCorr  .         Reflect  .     y - +0 pair of gloves
SustAt .         Harm     .     (no boots)
MR     .....     NoTele   +     (no amulet)
Stlth  ..........               n - +3 ring of strength
                                m - +3 ring of strength

@: exhausted, slowed, very slow, not resistant to hostile enchantments,
extremely unstealthy
A: retaliatory headbutt, horns 2
a: Berserk, Trog's Hand, Brothers in Arms, Burn Spellbooks, Renounce Religion


You were in the Dungeon.
You worshipped Trog.
Trog was exalted by your worship.
You were not hungry.

You visited 1 branch You collected 1250 gold pieces.

Inventory:

Hand Weapons
 j - a +2 flail of draining (weapon)
 q - a +2 morningstar of protection
 w - a +3 great mace of holy wrath
 x - a +2 antimagic dire flail
Armour
 o - a +1 chain mail (worn)
 p - a +0 cloak (worn)
 y - a +0 pair of gloves (worn)
Jewellery
 m - a +3 ring of strength (left hand)
 n - a +3 ring of strength (right hand)
Wands
 l - a wand of acid (7/15)
Scrolls
 i - 2 scrolls of blinking
 k - 3 scrolls of remove curse
 s - a scroll of fear
 t - 2 scrolls of fog
 u - 4 scrolls of enchant weapon
Potions
 a - 2 potions of might
 d - 5 potions of curing
 e - 6 potions of heal wounds
 f - a potion of haste
 g - 4 potions of magic
 h - 2 potions of berserk rage
Comestibles
 c - 13 bread rations
 r - a beef jerky
 v - 40 fruits
 z - 11 meat rations


   Skills:
 + Level 17.6 Fighting
 + Level 19.8 Maces & Flails
 + Level 13.0 Armour
 + Level 10.9 Dodging
 + Level 2.3 Stealth


You had 10 spell levels left.
You didn't know any spells.

Dungeon Overview and Level Annotations

Branches:
Dungeon (1/1)

Altars:
Cheibriados
Dithmenos
Elyvilon
Fedhas
Gozag
Hepliaklqana
Kikubaaqudgha
Makhleb
Nemelex Xobeh
Okawaru
Pakellas
Qazlal
Ru
Sif Muna
Trog
Uskayaw
Vehumet
Xom
Yredelemnul
Zin
The Shining One
Beogh
Jiyva
Lugonu

Shops:
D !(!


Innate Abilities, Weirdness & Mutations

You reflexively headbutt those who attack you in melee.
You have a pair of horns on your head.


Message History

The bolt of fire hits you!
* * * LOW HITPOINT WARNING * * *
Items here: $ ))) [[ † You barely miss the ogre mage.
The ogre mage hits you but does no damage.
You sock the ogre mage! You drain the ogre mage! You headbutt the ogre mage!
The ogre mage is heavily wounded.
The ogre mage hits you but does no damage.
The ogre mage misses you.
You hit the ogre mage. You drain the ogre mage!
The ogre mage is severely wounded.
The ogre mage casts a spell at you. The bolt of cold misses you.
You completely miss the ogre mage.
The ogre mage is severely wounded.
The ogre mage barely misses you. You furiously retaliate!
You headbutt the ogre mage!
The ogre mage gestures at you while chanting.
The bolt of cold hits you!
You die...

▓▓▓▓▓▓▓▓▓▓▓▓▓▓▓▓▓▓▓▓▓▓▓▓▓
∩.∩$∩$$)@O)......))))))).
▓▓▓▓▓▓▓▓▓▓▓▓▓▓▓▓▓▓▓▓▓▓▓▓▓▓▓▓▓▓▓▓▓
.................................
▓▓▓▓▓▓▓▓▓▓▓▓▓▓▓▓▓▓▓▓▓▓▓▓▓▓▓▓▓▓▓▓▓
[[..'.().......††'.........÷.....
▓▓▓▓▓▓▓▓▓▓▓▓▓▓▓▓▓▓▓▓▓▓▓▓▓▓▓▓▓▓▓▓▓
.................................
▓▓▓▓▓▓▓▓▓▓▓▓▓▓▓▓▓▓▓▓▓▓▓▓▓▓▓▓▓▓▓▓▓
))...))'....[)|?.'_______________


You could see an ogre mage.

Vanquished Creatures
  3 ogre magi (D)
  An orc high priest (D)
  An orc knight (D)
  An oklob plant (D)
  A black mamba (D)
  A spiny frog (D)
  A komodo dragon (D)
  A troll (D)
  4 two-headed ogres (D)
  A blink frog (D)
  Eustachio (D)
  A yak (D)
  A hippogriff (D)
  3 wargs (D)
  A hell hound (D)
  2 water moccasins (D)
  A porcupine (D)
  14 orc warriors (D)
  A sky beast (D)
  An ice beast (D)
  An ogre (D)
  A phantom (D)
  A centaur (D)
  4 wolves (D)
  2 crocodiles (D)
  A big kobold (D)
  4 giant frogs (D)
  2 hounds (D)
  2 orc priests (D)
  2 iguanas (D)
  3 orc wizards (D)
  2 worker ants (D)
  A sheep (D)
  An adder (D)
  A river rat (D)
  An ooze (D)
  A worm (D)
  5 orcs (D)
  A hobgoblin (D)
  A jackal (D)
  A bat (D)
  A goblin (D)
  A kobold (D)
81 creatures vanquished.

Notes
Turn   | Place    | Note
-------+----------+-------------------------------------------
     0 | D        | LORDOFBUTT the Minotaur Berserker began the quest for the Orb.
     0 | D        | Reached XP level 1. HP: 19/19 MP: 0/0
     7 | D        | Reached ** piety under Trog
     7 | D        | Reached skill level 4 in Maces & Flails
    14 | D        | Reached XP level 2. HP: 25/28 MP: 1/1
    43 | D        | Noticed an ice beast
    45 | D        | Reached *** piety under Trog
    53 | D        | Reached skill level 5 in Fighting
    53 | D        | Reached skill level 6 in Maces & Flails
    53 | D        | Reached XP level 3. HP: 37/37 MP: 2/2
    56 | D        | Killed an ice beast
    56 | D        | Reached skill level 8 in Maces & Flails
    56 | D        | Reached XP level 4. HP: 48/48 MP: 3/3
    57 | D        | Reached **** piety under Trog
    58 | D        | Reached XP level 5. HP: 56/56 MP: 4/4
    91 | D        | Found a glowing silver altar of Zin.
    91 | D        | Found a glowing golden altar of the Shining One.
    91 | D        | Found an ancient bone altar of Kikubaaqudgha.
    91 | D        | Found a basalt altar of Yredelemnul.
    91 | D        | Found a shimmering altar of Xom.
    91 | D        | Found a radiant altar of Vehumet.
    92 | D        | Found an iron altar of Okawaru.
    93 | D        | Found a burning altar of Makhleb.
    94 | D        | Found a deep blue altar of Sif Muna.
    95 | D        | Found a bloodstained altar of Trog.
    96 | D        | Found a sparkling altar of Nemelex Xobeh.
    97 | D        | Found a white marble altar of Elyvilon.
    98 | D        | Found a roughly hewn altar of Beogh.
    99 | D        | Found a viscous altar of Jiyva.
   100 | D        | Found a corrupted altar of Lugonu.
   101 | D        | Found a blossoming altar of Fedhas.
   102 | D        | Found a snail-covered altar of Cheibriados.
   103 | D        | Found a shadowy altar of Dithmenos.
   104 | D        | Found a stormy altar of Qazlal.
   105 | D        | Found an opulent altar of Gozag.
   106 | D        | Found a sacrificial altar of Ru.
   107 | D        | Found an oddly glowing altar of Pakellas.
   108 | D        | Found a hide-covered altar of Uskayaw.
   109 | D        | Found a hazy altar of Hepliaklqana.
   167 | D        | Noticed a phantom
   167 | D        | Noticed a two-headed ogre
   167 | D        | Noticed a troll
   170 | D        | Killed a troll
   170 | D        | Reached skill level 10 in Fighting
   170 | D        | Reached skill level 11 in Maces & Flails
   170 | D        | Reached skill level 5 in Armour
   170 | D        | Reached skill level 5 in Dodging
   170 | D        | Reached XP level 6. HP: 67/67 MP: 5/5
   173 | D        | Killed a two-headed ogre
   173 | D        | Reached XP level 7. HP: 74/74 MP: 6/6
   178 | D        | Reached skill level 12 in Maces & Flails
   179 | D        | Reached ***** piety under Trog
   235 | D        | Reached skill level 13 in Maces & Flails
   240 | D        | Received a gift from Trog
   240 | D        | Reached XP level 8. HP: 85/85 MP: 7/7
   366 | D        | Noticed a blink frog
   366 | D        | Noticed a spiny frog
   381 | D        | Killed a spiny frog
   381 | D        | Reached skill level 14 in Maces & Flails
   382 | D        | Killed a blink frog
   391 | D        | Reached ****** piety under Trog
   396 | D        | Received a gift from Trog
   396 | D        | Reached XP level 9. HP: 94/94 MP: 8/8
   499 | D        | Noticed a komodo dragon
   501 | D        | Reached skill level 15 in Maces & Flails
   513 | D        | Killed a komodo dragon
   514 | D        | Received a gift from Trog
   515 | D        | Noticed an oklob plant
   763 | D        | Noticed a black mamba
   771 | D        | Killed an oklob plant
   771 | D        | Reached skill level 15 in Fighting
   771 | D        | Reached skill level 16 in Maces & Flails
   771 | D        | Reached skill level 10 in Armour
   776 | D        | Killed a black mamba
   865 | D        | Reached XP level 10. HP: 93/106 MP: 3/9
   871 | D        | Received a gift from Trog
   871 | D        | Reached skill level 17 in Maces & Flails
   963 | D        | Noticed Eustachio
   974 | D        | Killed Eustachio
   974 | D        | Reached skill level 1 in Stealth
  1009 | D        | Reached skill level 10 in Dodging
  1023 | D        | Received a gift from Trog
  1043 | D        | Received a gift from Trog
  1079 | D        | Noticed an orc knight
  1087 | D        | Noticed an orc high priest
  1095 | D        | Killed an orc knight
  1095 | D        | Reached skill level 18 in Maces & Flails
  1101 | D        | Received a gift from Trog
  1120 | D        | Killed an orc high priest
  1497 | D        | Found Yhour's Distillery.
  1497 | D        | Noticed an ogre mage
  1497 | D        | Noticed an ogre mage
  1497 | D        | Noticed an ogre mage
  1501 | D        | Received a gift from Trog
  1502 | D        | Found Loc Kak's Antique Weapon Shop.
  1503 | D        | Noticed an ogre mage
  1505 | D        | Killed an ogre mage
  1505 | D        | Reached skill level 19 in Maces & Flails
  1514 | D        | Killed an ogre mage
  1514 | D        | Reached XP level 11. HP: 60/117 MP: 10/10
  1521 | D        | Killed an ogre mage
  1521 | D        | Received a gift from Trog
  1527 | D        | Found Lawker's Distillery.
  1532 | D        | Killed from afar by an ogre mage

Vault maps used:
D:        linesprint

Skill      XL: |  1  2  3  4  5  6  7  8  9 10 11 |
---------------+----------------------------------+-----
Fighting       | 4 5 7 8 10 11 12 13 15 17 | 17.6
Maces & Flails | 4 6 8 11 13 14 16 19 | 19.8
Armour         | 3 4 5 6 7 9 10 12 13 | 13.0
Dodging        | 3 4 5 6 7 8 9 10 | 10.9
Stealth        | 2 |  2.3

Action                   |  1- 3 |  4- 6 |  7- 9 | 10-12 || total
-------------------------+-------+-------+-------+-------++-------
Melee: Mace              |    22 |     2 |       |       ||    24
       Headbutt          |     4 |     2 |    18 |    35 ||    59
       Morningstar       |       |     4 |    54 |       ||    58
       Dire flail        |       |       |    30 |     9 ||    39
       Great mace        |       |       |    15 |       ||    15
       Flail             |       |       |       |   106 ||   106
Invok: Berserk           |     1 |     1 |     1 |     1 ||     4
  Use: Potion            |       |       |     1 |     2 ||     3
 Stab: Invisible         |       |       |     1 |       ||     1
  Eat: Chunk             |       |       |     2 |     2 ||     4
       Beef jerky        |       |       |     1 |       ||     1
       Meat ration       |       |       |       |     1 ||     1
Armor: Animal skin       |     3 |       |       |       ||     3
       Chain mail        |       |     2 |    25 |    36 ||    63
Dodge: Dodged            |     8 |     3 |    47 |    53 ||   111
